 Dungeon Crawl Stone Soup version 0.30-a0-691-g754fce4c43 (webtiles) character file.

Game seed: 3593789496387779949

12 erowe747 the Chopper (level 2, 0/24 HPs)
             Began as a Human Berserker on Jan 19, 2023.
             Was a Follower of Trog.
             Slain by a jackal (3 damage)
             ... on level 2 of the Dungeon.
             The game lasted 00:05:54 (361 turns).

erowe747 the Chopper (Human Berserker)               Turns: 361, Time: 00:05:54

Health: 0/24       AC: 10    Str: 17    XL:     2   Next: 45%
Magic:  2/2        EV:  5    Int:  7    God:    Trog [*.....]
Gold:   0          SH:  0    Dex: 12    Spells: 1/1 levels left

rFire   . . .      SeeInvis .    a - +0 hand axe
rCold   . . .      Faith    .    (no shield)
rNeg    . . .      Spirit   .    f - +0 plate armour
rPois   .          Reflect  .    (no helmet)
rElec   .          Harm     .    (no cloak)
rCorr   .          Rampage  .    (no gloves)
Will    .....                    (no boots) Stlth
                                 (no amulet)
HPRegen 0.24/turn                (no ring)
MPRegen 0.08/turn                (no ring)

@: flying
A: no striking features
a: Renounce Religion, Berserk


You were on level 2 of the Dungeon.
You worshipped Trog.
Trog was aware of your devotion.
You visited 1 branch of the dungeon, and saw 2 of its levels.

Inventory:

Hand Weapons
 a - a +0 hand axe (weapon)
 e - a +0 short sword
Armour
 b - a +0 animal skin
 f - a +0 plate armour (worn)
 h - a +0 ring mail
Jewellery
 c - an amulet of reflection
Scrolls
 i - a scroll of magic mapping {unknown}


   Skills:
 + Level 3.2 Fighting
 + Level 3.3 Axes
 + Level 2.1 Armour
 + Level 2.1 Dodging


You had one spell level left.
You didn't know any spells.
Your spell library was empty.

Dungeon Overview and Level Annotations

Branches:
Dungeon (2/15)

Altars:


Message History

You closely miss the adder. You hit the jackal.
You feel sick.
The jackal bites you but does no damage. x2
The adder bites you but does no damage.
The jackal bites you but does no damage.
The jackal barely misses you. The adder bites you but does no damage.
You barely miss the jackal.
The jackal is moderately wounded.
You completely miss the jackal. You barely miss the adder.
You feel sick.
The jackal bites you but does no damage.
The jackal bites you.
* * * LOW HITPOINT WARNING * * *
The adder bites you but does no damage.
You closely miss the jackal.
The jackal is moderately wounded.
You closely miss the jackal. You barely miss the adder.
You feel sick.
The jackal bites you but does no damage. x2
The adder bites you but does no damage. The jackal barely misses you.
The jackal bites you but does no damage.
You hit the jackal but do no damage.
The jackal is moderately wounded.
You hit the jackal. You closely miss the adder.
You feel sick. The adder bites you but does no damage.
The jackal completely misses you.
The jackal bites you but does no damage.
The adder bites you but does no damage.
You closely miss the jackal.
The jackal is moderately wounded.
You miss the jackal. You hit the adder.
You feel sick.
You are no longer poisoned.
The jackal bites you but does no damage. x2
The adder completely misses you. The jackal bites you.
* * * LOW HITPOINT WARNING * * *
The jackal bites you but does no damage.
It was a potion of magic.
Magic courses through your body. The adder barely misses you.
The jackal bites you but does no damage. x2
The adder barely misses you.
It was a potion of flight.
You feel very buoyant.
You fly up into the air.
The jackal bites you.
You die...

..........
####.......
#.........######
#...............
#...............
#.......<.......
#...............
+.....hh........
##....@S........
#....$.........
#..............
...).............
.................
................
...###########.
###


You could see an adder and 2 jackals.

Vanquished Creatures
  2 dart slugs (D:2)
  A giant cockroach (D:1)
  A jackal (D:2)
  A kobold (D:1)
  A bat (D:1)
  2 frilled lizards
  A rat (D:1)
9 creatures vanquished.

Notes
Turn   | Place    | Note
-------+----------+-------------------------------------------
     0 | D:1      | erowe747 the Human Berserker began the quest for the Orb.
     0 | D:1      | Reached XP level 1. HP: 18/18 MP: 1/1
   350 | D:2      | Reached XP level 2. HP: 18/24 MP: 2/2
   361 | D:2      | Slain by a jackal

Illustrated notes

Levels and vault maps discovered:
D:1:      wander_arrival_peaceful_grave, layout_basic, kennysheep_small_spiral
D:2:      layout_basic, hellmonk_ecumenical_altar_slurped_away,
          grunt_ministairs_5

Action                   || total
-------------------------++-------
Melee: Hand axe          ||    30
       Punch             ||     1
  Use: Potion            ||     2
Armor: Plate armour      ||    37
       Animal skin       ||     2
Dodge: Dodged            ||    19

Table legend: (Time is in decaauts)
 A = Elapsed time spent in this place.
 B = Non-inter-level travel time spent in this place.
 C = Inter-level travel time spent in this place.
 D = Time resting spent in this place.
 E = Time spent auto-exploring this place.
 F = Levels seen in this place.
 G = Mean time per level.
                   A        B        C        D        E       F      G
               +--------+--------+--------+--------+--------+-----+--------+
         Total |    364 |     71 |    293 |      0 |      0 |   2 |  182.0 |
       Dungeon |    364 |     71 |    293 |      0 |      0 |   2 |  182.0 |
               +--------+--------+--------+--------+--------+-----+--------+

Top non-repeatable levels by time:
     D:1: 344 daAuts
     D:2: 20 daAuts
